 Dungeon Crawl Stone Soup version bcrawl-1.21.2-20-g6d45ba5942 (webtiles) character file.

Game seed: 2617020170730563880

584 BeastOfSaturn the Covert (level 7, -2/38 HPs)
             Began as a Vine Stalker Enchanter on Mar 1, 2020.
             Killed by divine providence
             ... invoked by an orc priest
              (17 damage)
             ... on level 5 of the Dungeon.
             The game lasted 00:17:55 (3134 turns).

BeastOfSaturn the Covert (Vine Stalker Enchanter)   Turns: 3134, Time: 00:17:56

Health: -2/38      AC:  9    Str: 11    XL:     7   Next: 37%
Magic:  9/11       EV: 12    Int: 16    God:
Gold:   259        SH:  0    Dex: 15    Spells: 4/10 levels left

rFire    . . .     SeeInvis .   w - +0 rapier
rCold    . . .     Gourm    .   (no shield)
rNeg     . . .     Faith    .   o - +3 leather armour
rPois    .         Spirit   .   (no helmet)
rElec    .         Reflect  .   (no cloak)
rCorr    .         Harm     .   (no gloves)
MR       .....     Rnd*Tele +   (no boots)
Stlth    ++++......             (no amulet)
HPRegen  0.52/turn              j - +3 ring of protection
MPRegen  0.12/turn              v - ring of teleportation (curse)

@: lethally poisoned (-2 -> -2), very slightly contaminated
A: fangs 3, regeneration 1, no potion heal 3, rot immunity, strong jaws
a: no special abilities


You were on level 5 of the Dungeon.
You were not hungry.

You visited 1 branch of the dungeon, and saw 5 of its levels.

You collected 259 gold pieces.

Inventory:

Hand Weapons
 a - a +2 dagger
 w - a +0 rapier (weapon)
Missiles
 q - 129 javelins (quivered)
Armour
 o - a +3 leather armour (worn)
Jewellery
 j - a +3 ring of protection (left hand)
 t - an uncursed ring of magical power
 v - a cursed ring of teleportation (right hand)
Scrolls
 b - a scroll of amnesia
 d - a scroll of fog
 h - a scroll of blinking
 i - 4 scrolls of enchant armour
 l - a scroll of fear
 r - a scroll of remove curse {unknown}
 x - a scroll of identify
Potions
 c - 2 potions of flight
 f - 2 potions of invisibility
 g - 2 potions of lignification
 k - 3 potions of heal wounds {unknown}
 m - a potion of mutation {unknown}
 n - 3 potions of agility {unknown}
 p - a potion of curing {unknown}
 s - a potion of magic {unknown}
 u - a potion of haste {unknown}
Comestibles
 e - 5 rations {!d}


   Skills:
 - Level 1.0 Fighting
 * Level 2.9 Short Blades
 + Level 1.4 Armour
 + Level 2.5 Dodging
 * Level 8.2 Stealth
 - Level 2.1 Spellcasting
 * Level 4.7 Hexes
 - Level 1.0 Ice Magic


You had 4 spell levels left.
You knew the following spells:

 Your Spells              Type           Power        Failure   Level  Hunger
a - Corona                Hex            ###....      4%          1    #......
b - Confuse               Hex            ###.....     12%         3    ###....
c - Ensorcelled Hibernat  Hex/Ice        ##....       13%         2    ###....

Your spell library contained the following spells:

 Spells                   Type           Power        Failure   Level  Hunger
 Tukima's Dance           Hex            ###.....     12%         3    ###....
 Dazzling Spray           Conj/Hex       #.....       30%         3    ###....


Dungeon Overview and Level Annotations

Branches:
Dungeon (5/12)
 Temple: D:4-7

Altars:
Lugonu
Sif Muna

Shops:
D:4 [


Innate Abilities, Weirdness & Mutations

You have razor-sharp teeth.
Your natural rate of healing is unusually fast.
Potions cannot restore your health.
You are immune to rotting.
Your bites deal extra damage.


Message History

A centaur skeleton comes into view.
You feel sick.
As you read the scroll of fear, it crumbles to dust.
You assume a fearsome visage.
The brown ugly thing looks frightened!
The shadow imp is unaffected.
The orc wizard looks frightened!
The orc looks frightened!
The centaur skeleton is unaffected.
The orc wizard gestures wildly while chanting.
The orc wizard blinks!
You hit the orc but do no damage.
Your attack snaps the orc out of its fear.
The orc prays for help.
The orc wizard casts a spell.
The orc wizard blinks!
You barely miss the worker ant.
You feel sick.
The worker ant bites you but does no damage.
You feel sick. The worker ant barely misses you.
Found 5 gold pieces.
The orc priest calls down the wrath of Beogh upon you.
Beogh smites you!
You die...

#.......#.....##
##.....###...>#
#.%o.. #.##.. ..
... ... ..... #####
.... .....#
#...###..... .....
#.......Z... #.#.##
#.a.@...#
#§...#####o......#
#..§.o.5.........$.
##...#########.###.
######§§.§.#### .#
#...#u§§§§§..... #
.....§§§§§§..#..
.....§§§§§.§...
......§...#....#


You could see a worker ant, an orc priest, a shadow imp, an orc and a centaur
skeleton (wandering).

Vanquished Creatures
  An orc warrior (D:4)
  An ogre (D:4)
  A howler monkey (D:3)
  2 crimson imps (D:4)
  3 hounds
  2 orc wizards
  Jessica (D:2)
  2 gnolls
  2 adders (D:3)
  An adder skeleton (D:4)
  A worm (D:3)
  A dart slug (D:4)
  3 leopard geckos (D:1)
  8 orcs
  2 ball pythons (D:1)
  5 giant cockroaches
  3 goblins (D:1)
  10 hobgoblins
  6 jackals
  6 quokkas
  3 bats
  3 frilled lizards
  10 kobolds
  8 rats
85 creatures vanquished.

Notes
Turn   | Place    | Note
-------+----------+-------------------------------------------
     0 | D:1      | BeastOfSaturn the Vine Stalker Enchanter began the quest
                  | for the Orb.
     0 | D:1      | Reached XP level 1. HP: 10/10 MP: 4/4
    62 | D:1      | Reached XP level 2. HP: 9/15 MP: 4/6
   166 | D:1      | Reached skill level 1 in Short Blades
   446 | D:1      | Reached skill level 5 in Stealth
   471 | D:1      | Reached XP level 3. HP: 19/19 MP: 7/7
   685 | D:1      | Learned a level 3 spell: Confuse
   688 | D:1      | Learned a level 2 spell: Ensorcelled Hibernation
  1103 | D:2      | Noticed Jessica
  1121 | D:2      | Killed Jessica
  1121 | D:2      | Reached XP level 4. HP: 18/24 MP: 1/8
  1180 | D:2      | Found a corrupted altar of Lugonu.
  1618 | D:3      | Reached skill level 6 in Stealth
  1618 | D:3      | Reached XP level 5. HP: 28/28 MP: 3/9
  2274 | D:4      | Noticed an ogre
  2280 | D:4      | Killed an ogre
  2280 | D:4      | Reached skill level 7 in Stealth
  2280 | D:4      | Gained mutation: You have razor-sharp teeth. [Vine Stalker
                  | growth]
  2280 | D:4      | Reached XP level 6. HP: 33/33 MP: 7/10
  2360 | D:4      | Reached skill level 1 in Armour
  2360 | D:4      | Reached skill level 1 in Ice Magic
  2506 | D:4      | Noticed an orc warrior
  2511 | D:4      | Killed an orc warrior
  2511 | D:4      | Reached XP level 7. HP: 37/37 MP: 4/11
  2536 | D:4      | Found Fucw's Armour Emporium.
  2589 | D:4      | Reached skill level 8 in Stealth
  2948 | D:5      | Entered Level 5 of the Dungeon
  3065 | D:5      | Found a shimmering blue altar of Sif Muna.
  3099 | D:5      | Reached skill level 1 in Fighting
  3119 | D:5      | Noticed a brown ugly thing
  3134 | D:5      | Killed from afar by an orc priest

Skill      XL: |  1  2  3  4  5  6  7 |
---------------+----------------------+-----
Short Blades   | 1 2 |  2.9
Stealth        | 5 6 7 8 |  8.2
Hexes          | 4 |  4.7
Armour         | 1 |  1.4
Ice Magic      | 1 |  1.0
Fighting       | 1 |  1.0
Dodging        | |  2.5
Spellcasting   | |  2.1

Action                   |  1- 3 |  4- 6 |  7- 9 || total
-------------------------+-------+-------+-------++-------
Melee: Dagger            |   111 |   111 |    13 ||   235
       Bite              |     9 |     8 |     3 ||    20
       Rapier            |       |       |    13 ||    13
 Cast: Corona            |     9 |       |       ||     9
       Ensorcelled Hiber |     8 |    19 |     4 ||    31
       Confuse           |       |       |     1 ||     1
  Use: Scroll            |     1 |     7 |     3 ||    11
 Stab: Sleeping          |    18 |    18 |     4 ||    40
  Eat: Chunk             |     1 |     1 |       ||     2
       Ration            |       |     2 |     1 ||     3
Armor: Robe              |     2 |       |       ||     2
       Leather armour    |    11 |    38 |     7 ||    56
Dodge: Dodged            |    64 |    73 |    15 ||   152
